 Dungeon Crawl Stone Soup version 0.20-a0-1089-g3fde505 (webtiles) character file.

14128 Kidiri the Thaumaturge (level 11, -17/62 HPs)
             Began as a Deep Elf Fire Elementalist on May 2, 2017.
             Was a High Priest of Vehumet.
             Demolished by a five-headed hydra (18 damage)
             ... on level 1 of the Lair of Beasts.
             The game lasted 01:15:08 (15840 turns).

Kidiri the Thaumaturge (DEFE)                      Turns: 15840, Time: 01:15:09

Health: -17/62     AC:  9    Str:  5    XL:     11   Next: 84%
Magic:  29/29      EV: 15    Int: 24    God:    Vehumet [*****.]
Gold:   373        SH:  8    Dex: 15    Spells: 10/35 levels left

rFire    + . .     SeeInvis .   f - +1 dagger (protect)
rCold    + . .     Gourm    .   g - +0 shield
rNeg     . . .     Faith    .   I - +1 robe {rC+ rF+}
rPois    .         Spirit   .   o - +0 helmet
rElec    .         Reflect  .   k - +0 cloak
rCorr    +         Harm     .   z - +1 pair of gloves
MR       ++...                  q - +0 pair of boots
Stlth    ++........             (no amulet)
Regen    0.2/turn               i - ring of resist corrosion
MPRegen  0.3/turn               v - ring of protection from magic

@: no status effects
A: no striking features
a: Renounce Religion


You were on level 1 of the Lair of Beasts.
You worshipped Vehumet.
Vehumet was extremely pleased with you.
You were not hungry.

You visited 3 branches of the dungeon, and saw 12 of its levels.
You also visited: Ossuary.

You collected 685 gold pieces.
You spent 312 gold pieces at shops.

Inventory:

Hand Weapons
 f - a +1 dagger of protection (weapon)
 H - a +0 dagger of venom
Armour
 g - a +0 shield (worn)
 k - a +0 cloak (worn)
 o - a +0 helmet (worn)
 q - a +0 pair of boots (worn)
 z - a +1 pair of gloves (worn)
 I - a +1 robe of resistance (worn)
Jewellery
 i - a ring of resist corrosion (left hand)
 v - a ring of protection from magic (right hand)
Wands
 y - a wand of iceblast (10/15)
 C - a wand of polymorph (8/24)
 G - a wand of scattershot (4/9)
 M - a wand of enslavement (7/24)
 N - a wand of scattershot (5/9)
Scrolls
 a - a scroll of fear
 d - 4 scrolls of amnesia
 l - 2 scrolls of remove curse
 r - 2 scrolls of recharging
 s - 2 scrolls of fog
 w - a scroll of teleportation
 E - a scroll of vulnerability {unknown}
 F - a scroll of magic mapping
 L - 2 scrolls of summoning
Potions
 e - 4 potions of mutation {unknown}
 h - 3 potions of brilliance
 m - 3 potions of heal wounds {unknown}
 n - 2 potions of flight
 t - 2 potions of agility
 x - 2 potions of resistance {unknown}
 A - 2 potions of curing
 B - 2 potions of lignification
Miscellaneous
 D - a lightning rod (4/4)
Comestibles
 b - a chunk of flesh
 c - 2 bread rations
 j - 8 meat rations


   Skills:
 + Level 4.6 Fighting
 + Level 5.3 Short Blades
 + Level 4.6 Armour
 + Level 7.6 Dodging
 - Level 2.4 Stealth
 + Level 4.4 Shields
 * Level 12.9 Spellcasting
 + Level 7.3 Conjurations
 + Level 8.5 Fire Magic
 + Level 3.0 Air Magic
 + Level 2.9 Poison Magic


You had 10 spell levels left.
You knew the following spells:

 Your Spells              Type           Power        Failure   Level  Hunger
a - Flame Tongue          Conj/Fire      #####        1%          1    None
b - Throw Flame           Conj/Fire      ######       1%          2    None
c - Conjure Flame         Conj/Fire      ######..     1%          3    None
d - Inner Flame           Hex/Fire       #####...     2%          3    None
e - Sticky Flame          Conj/Fire      ######..     1%          4    None
f - Fireball              Conj/Fire      ######....   4%          5    ###....
g - Airstrike             Air            ####......   12%         4    None
h - Mephitic Cloud        Conj/Pois/Air  #####...     2%          3    None


Dungeon Overview and Level Annotations

Branches:
Dungeon (10/15)            Temple (1/1) D:4            Lair (1/6) D:10
    Orc (0/2) D:9

Altars:
Ashenzari
Cheibriados
Dithmenos
Elyvilon
Fedhas
Gozag
Hepliaklqana
Kikubaaqudgha
Makhleb
Nemelex Xobeh
Okawaru
Qazlal
Ru
Sif Muna
Trog
Uskayaw
Vehumet
Wu Jian
Xom
Yredelemnul
Zin
The Shining One

Shops:
D:5 %[   D:8 [


Message History

The basilisk gazes at you. You resist with almost no effort.
The basilisk gazes at you.
You are slowing down.
Okay, then.
Unknown command.
You feel limber!
You feel magically purged.
You block the five-headed hydra's attack.
The five-headed hydra bites you!
* * * LOW HITPOINT WARNING * * *
You block the five-headed hydra's attack.
The five-headed hydra bites you but does no damage. x2
The five-headed hydra closely misses you.
The five-headed hydra bites you!
* * * LOW HITPOINT WARNING * * *
The five-headed hydra bites you.
* * * LOW HITPOINT WARNING * * *
The five-headed hydra bites you!!
You die...

### ##
###########.#####.######.#
..........................
..........................
..........................
...........................
.......##.......###.........
#..........._..D@..........#
#......#.#..l...##.#........
#.....<#.........#.........#
##......(#.......#l........#
#.....+.#.......#.#.......#
#...>.#.##.#+#.##.........#
##....#...........#.......#
#....#........÷..#.......##
#.....÷..........#P......P#


You could see a five-headed hydra and a basilisk.

Vanquished Creatures
  2 hydras (Lair:1)
  4 two-headed ogres
  The ghost of Shinoi the Cudgeler, a novice HOMo (D:5)
  2 gargoyles
  A polar bear (D:10)
  The ghost of 4thArraOfDagon the Ruffian, an amateur BaMo of Xom (D:10)
  A hornet (D:10)
  Grinder (D:4)
  3 hippogriffs
  5 yaks (D:10)
  3 wargs (D:9)
  A water moccasin (D:5)
  A porcupine (D:10)
  2 ice beasts
  5 orc warriors
  A sky beast (D:5)
  2 black bears
  A wolf (D:10)
  2 ogres
  A hornet zombie (D:9)
  8 centaurs
  2 phantoms (D:9)
  A crocodile (Lair:1)
  4 big kobolds
  6 bullfrogs
  A gnoll sergeant (D:10)
  A wyvern zombie (D:9)
  8 scorpions
  6 killer bees (D:10)
  20 wights
  3 howler monkeys
  3 electric eels (D:10)
  A crimson imp (D:4)
  2 centaur zombies (Ossuary)
  5 orc priests
  2 quasits (D:8)
  3 jellies
  5 hounds
  Crazy Yiuf (D:6)
  19 orc wizards
  An iguana (D:10)
  11 worker ants
  A bullfrog simulacrum (D:10)
  2 hound skeletons
  3 mummies (Ossuary)
  2 worker ant zombies
  14 gnolls
  A howler monkey skeleton (D:9)
  14 adders
  2 scorpion zombies (Ossuary)
  5 shadow imps
  An ooze (D:1)
  An adder zombie (D:5)
  4 worms
  3 dart slugs
  7 leopard geckos
  38 orcs
  2 ball pythons (D:2)
  7 bats
  6 giant cockroaches
  2 gnoll zombies (Ossuary)
  5 goblins
  4 hobgoblins
  11 jackals
  24 kobolds
  4 quokkas
  3 frilled lizards
  3 hobgoblin zombies (Ossuary)
  A jackal skeleton (D:4)
  2 kobold zombies (Ossuary)
  2 orc zombies (Ossuary)
  11 rats
338 creatures vanquished.

Vanquished Creatures (others)
  2 goblin zombies (Ossuary)
  2 hobgoblin zombies (Ossuary)
  4 fungi (D:10)
8 creatures vanquished.

Grand Total: 346 creatures vanquished

Notes
Turn   | Place    | Note
-------+----------+-------------------------------------------
     0 | D:1      | Kidiri the Deep Elf Fire Elementalist began the quest for the Orb.
     0 | D:1      | Reached XP level 1. HP: 10/10 MP: 6/6
   218 | D:1      | Reached XP level 2. HP: 12/15 MP: 1/8
   222 | D:1      | Learned a level 2 spell: Throw Flame
   805 | D:1      | Reached XP level 3. HP: 7/19 MP: 0/10
   810 | D:1      | Learned a level 3 spell: Conjure Flame
   814 | D:1      | Learned a level 3 spell: Inner Flame
  1342 | D:2      | Reached skill level 4 in Spellcasting
  1584 | D:2      | Reached XP level 4. HP: 19/24 MP: 1/12
  1773 | D:2      | Reached skill level 5 in Spellcasting
  1813 | D:2      | Learned a level 4 spell: Sticky Flame
  1841 | D:2      | Reached XP level 5. HP: 28/28 MP: 8/14
  1847 | D:2      | Found a shattered altar of Ashenzari.
  2491 | D:3      | Found a basalt altar of Yredelemnul.
  2663 | D:3      | Found a shadowy altar of Dithmenos.
  2663 | D:3      | Found a sparkling altar of Nemelex Xobeh.
  2664 | D:3      | Found a glowing golden altar of the Shining One.
  2906 | D:3      | Found a shimmering altar of Xom.
  2907 | D:3      | Found a hazy altar of Hepliaklqana.
  2907 | D:3      | Noticed an insubstantial wisp
  2908 | D:3      | Noticed an insubstantial wisp
  2908 | D:3      | Noticed a spectral ugly thing
  2959 | D:3      | Noticed a centaur
  2967 | D:3      | Killed a centaur
  2967 | D:3      | Reached skill level 6 in Spellcasting
  2967 | D:3      | Reached XP level 6. HP: 12/32 MP: 0/17
  3485 | D:3      | Reached skill level 5 in Fire Magic
  3615 | D:3      | Found a shattered altar of Ashenzari.
  3961 | D:4      | Noticed Grinder
  3967 | D:4      | Paralysed by Grinder for 4 turns
  3972 | D:4      | Killed Grinder
  3972 | D:4      | Reached skill level 7 in Spellcasting
  3972 | D:4      | Reached XP level 7. HP: 18/36 MP: 10/20
  3983 | D:4      | Found a sand-covered staircase.
  4009 | Ossuary  | Entered an ossuary
  4140 | Ossuary  | Learned a level 5 spell: Fireball
  5087 | Ossuary  | Reached skill level 8 in Spellcasting
  5180 | Ossuary  | Reached skill level 1 in Short Blades
  5199 | Ossuary  | Reached skill level 1 in Fighting
  5199 | Ossuary  | Reached XP level 8. HP: 43/43 MP: 0/22
  5544 | D:4      | Reached skill level 1 in Shields
  5614 | D:4      | Reached skill level 1 in Armour
  5751 | D:4      | Found a staircase to the Ecumenical Temple.
  5767 | Temple   | Entered the Ecumenical Temple
  5879 | Temple   | Became a worshipper of Vehumet
  5986 | D:4      | Reached skill level 5 in Conjurations
  6159 | D:5      | Entered Level 5 of the Dungeon
  6423 | D:5      | Found Bofi's Food Boutique.
  6848 | D:4      | Reached skill level 9 in Spellcasting
  6876 | D:5      | Noticed Shinoi's ghost (novice HOMo)
  7259 | D:5      | Killed Shinoi's ghost
  7259 | D:5      | Reached XP level 9. HP: 8/48 MP: 3/24
  7557 | D:5      | Found Everrono's Antique Armour Emporium.
  7565 | D:5      | Bought a pair of glowing gloves for 187 gold pieces
  7565 | D:5      | Bought a dyed leather armour for 125 gold pieces
  8375 | D:6      | Reached * piety under Vehumet
  8375 | D:6      | Offered knowledge of Sting by Vehumet.
  8719 | D:6      | Reached skill level 10 in Spellcasting
  8761 | D:6      | Found a runed door.
  8840 | D:6      | Reached skill level 5 in Dodging
  9036 | D:6      | Noticed Crazy Yiuf
  9041 | D:6      | Killed Crazy Yiuf
  9458 | D:7      | Offered knowledge of Magic Dart by Vehumet.
 10006 | D:8      | Found Osuata's Armour Shoppe.
 10028 | D:8      | Reached ** piety under Vehumet
 10287 | D:8      | Reached XP level 10. HP: 56/56 MP: 13/26
 10830 | D:8      | Offered knowledge of Static Discharge by Vehumet.
 11214 | D:9      | Noticed a two-headed ogre
 11223 | D:9      | Killed a two-headed ogre
 11223 | D:9      | Reached skill level 11 in Spellcasting
 11329 | D:9      | Reached *** piety under Vehumet
 11573 | D:8      | Offered knowledge of Airstrike by Vehumet.
 11596 | D:8      | Learned a level 4 spell: Airstrike
 12093 | D:9      | Reached **** piety under Vehumet
 12106 | D:9      | Noticed a gargoyle
 12579 | D:9      | Killed a gargoyle
 12579 | D:9      | Reached skill level 1 in Air Magic
 12862 | D:9      | Noticed a two-headed ogre
 12872 | D:9      | Killed a two-headed ogre
 12872 | D:9      | Reached XP level 11. HP: 36/61 MP: 12/28
 12873 | D:9      | Offered knowledge of Mephitic Cloud by Vehumet.
 12878 | D:9      | Learned a level 3 spell: Mephitic Cloud
 13213 | D:9      | Found a staircase to the Orcish Mines.
 13291 | D:10     | Entered Level 10 of the Dungeon
 13304 | D:10     | Noticed a two-headed ogre
 13403 | D:10     | Reached skill level 12 in Spellcasting
 13527 | D:10     | Reached skill level 1 in Poison Magic
 13666 | D:10     | Noticed 4thArraOfDagon's ghost (amateur BaMo)
 13674 | D:10     | Killed 4thArraOfDagon's ghost
 13942 | D:10     | Reached skill level 5 in Short Blades
 14055 | D:10     | Found a staircase to the Lair.
 14474 | D:10     | Killed a two-headed ogre
 14699 | D:10     | Noticed a two-headed ogre
 14714 | D:10     | Killed a two-headed ogre
 14956 | D:10     | Reached ***** piety under Vehumet
 14999 | D:10     | Noticed a skeletal warrior
 15000 | D:10     | Offered knowledge of Spellforged Servitor by Vehumet.
 15179 | Lair:1   | Entered Level 1 of the Lair of Beasts
 15180 | Lair:1   | Found a basalt altar of Yredelemnul.
 15267 | Lair:1   | Noticed a seven-headed hydra
 15281 | Lair:1   | Noticed a seven-headed hydra
 15284 | Lair:1   | Killed a seven-headed hydra
 15435 | Lair:1   | HP: 3/62 [seven-headed hydra (3)]
 15444 | Lair:1   | Killed a seven-headed hydra
 15448 | Lair:1   | Noticed a five-headed hydra
 15840 | Lair:1   | HP: 1/62 [five-headed hydra (5)]
 15840 | Lair:1   | Demolished by a five-headed hydra

Vault maps used:
D:1:      dpeg_arrival_shelter
D:2:      roderic_roman_lattice, nicolae_ashenzari_panopticon
D:3:      regret_index_temple_of_mockery, gammafunk_temple_overflow_forgotten,
          lemuel_coloured_pillars_altar, yredelemnul_altar_generic
D:4:      minmay_temple_entry_enclosed_plants, first_bread,
          nicolae_ossuary_entry_ruins, uniq_grinder
D:5:      serial_shops, shop, kennysheep_mini_moat, hex_intersection,
          minivault_24, eino_tiny_chamber
D:6:      grunt_decor_clamped, uniq_crazy_yiuf_cottage
D:8:      serial_shops, shop
D:9:      erik_orc_4
D:10:     grunt_lair_entry_orc_guard_hut, serial_ice, serial_ice_f,
          serial_ice_l, serial_ice_m, serial_ice_e
Temple:   kb_temple_of_zot
Lair:1:   kb_forest_paths, basic_altar, uniq_sonja, uniq_erica
Ossuary:  ossuary_minmay_scorpions

Skill      XL: |  1  2  3  4  5  6  7  8  9 10 11 |
---------------+----------------------------------+-----
Conjurations   | 2 3 4 5 6 7 |  7.3
Spellcasting   | 4 5 6 7 8 9 10 11 12 | 12.9
Fire Magic     | 4 5 6 7 8 |  8.5
Dodging        | 3 4 5 6 7 |  7.6
Short Blades   | 1 2 3 4 5 |  5.3
Fighting       | 1 2 3 4 |  4.6
Shields        | 2 3 4 |  4.4
Armour         | 1 2 3 4 |  4.6
Air Magic      | 1 3 |  3.0
Poison Magic   | 2 |  2.9
Stealth        | |  2.4

Action                   |  1- 3 |  4- 6 |  7- 9 | 10-12 || total
-------------------------+-------+-------+-------+-------++-------
Melee: Unarmed           |     5 |       |       |       ||     5
       Dagger            |     6 |    11 |       |    77 ||    94
       Rapier            |       |       |   122 |       ||   122
       Short sword       |       |       |       |    39 ||    39
 Cast: Flame Tongue      |    70 |    73 |   180 |   234 ||   557
       Throw Flame       |     9 |    14 |    22 |    23 ||    68
       Sticky Flame      |       |     2 |    28 |    30 ||    60
       Inner Flame       |       |     2 |    12 |    11 ||    25
       Conjure Flame     |       |     1 |    17 |    22 ||    40
       Fireball          |       |       |     2 |    12 ||    14
       Airstrike         |       |       |       |    20 ||    20
       Mephitic Cloud    |       |       |       |     4 ||     4
Evoke: Wand              |       |       |     4 |       ||     4
  Use: Scroll            |     3 |     5 |    12 |     6 ||    26
       Potion            |       |       |       |     3 ||     3
 Stab: Sleeping          |     2 |     5 |     2 |     4 ||    13
       Distracted        |       |       |       |     1 ||     1
  Eat: Chunk             |     2 |     8 |     5 |     8 ||    23
       Fruit             |       |       |     5 |       ||     5
       Bread ration      |       |       |     2 |     1 ||     3
       Royal jelly       |       |       |     1 |     4 ||     5
Armor: Robe              |     5 |     2 |    62 |    49 ||   118
Dodge: Dodged            |    31 |    29 |   160 |   169 ||   389
Block: Shield            |       |       |       |     4 ||     4
